Map: [G8] Royal Blood

Players

Killa - Winner!

  • Race: Protoss Protoss

A.I. 1 (Elite)

  • Race: Zerg Zerg

VOD

Have the link to the VOD?

Description

Time

  • Played on: Feb. 11, 2026, 6:08 p.m.
  • Length: 7:24
Show
View Real Time Build Order
Export as new Build Order

Killa Protoss - Winner!

Build Orders: 1 Gate Expand, Zealot Archon, Archon Drop 

Get SALT Encoding   

  12  0:00  Probe  
  13  0:12  Probe  
  14  0:19  Pylon  
  14  0:24  Probe  
  15  0:34  Probe  
  15  0:37  Gateway  
  15  0:42  Probe  
  16  0:47  Assimilator  
  17  0:51  Probe  
  18  1:03  Probe  
  19  1:15  Probe  
  20  1:22  Nexus  
  20  1:31  Cybernetics Core  
  20  1:34  Probe  
  20  1:39  Assimilator  
  21  1:46  Probe  
  22  1:49  Pylon  
  22  1:57  Adept  
  22  1:58  Probe  
  25  2:09  Probe, Warp Gate  
  25  2:14  Twilight Council  
  26  2:20  Probe  
  26  2:29  Adept  
  29  2:31  Probe x2  
  31  2:42  Probe  
  31  2:43  Probe, Robotics Facility  
  33  2:53  Probe  
  33  2:54  Charge  
  33  2:55  Probe  
  36  3:05  Probe  
  36  3:08  Gateway  
  36  3:09  Probe  
  37  3:17  Probe x2  
  37  3:19  Pylon  
  38  3:25  Probe  
  39  3:29  Probe  
  39  3:30  Gateway  
  39  3:32  Gateway  
  39  3:34  Observer  
  42  3:36  Probe  
  43  3:43  Probe  
  43  3:44  Assimilator  
  43  3:46  Probe, Assimilator  
  44  3:51  Gateway  
  44  3:54  Probe  
  45  3:56  Gateway  
  45  3:57  Probe  
  47  4:05  Probe, Immortal  
  52  4:10  Probe  
  52  4:16  Gateway  
  53  4:17  Probe  
  53  4:21  Gateway  
  54  4:30  Pylon  
  54  4:31  Pylon  
  54  4:38  Warp Prism  
  54  4:44  Templar Archives  
  56  4:53  Zealot x2  
  56  4:54  Zealot x2  
  56  4:58  Pylon  
  64  5:00  Pylon  
  64  5:04  Sentry  
  66  5:09  Zealot  
  66  5:12  Zealot  
  70  5:21  High Templar x4  
  72  5:22  Zealot  
  72  5:26  Pylon  
  72  5:28  Pylon, Archon x2  
  80  5:35  Zealot  
  80  5:36  Zealot x2  
  80  5:41  Pylon  
  86  5:53  High Templar  
  86  5:54  High Templar  
  86  5:55  Zealot x3  
  86  5:57  Zealot  
  98  5:58  Zealot  
  98  5:59  Archon  
  98  6:04  Pylon  
  100  6:09  Pylon  
  98  6:18  High Templar x2  
  98  6:19  Zealot x3  
  108  6:26  Zealot  
  108  6:29  Archon  
  108  6:32  Zealot x2  
  108  6:50  High Templar  
  108  6:51  High Templar, Zealot x4  
  120  6:56  Pylon  
  120  6:57  Pylon  
  120  7:02  Zealot x2  
  124  7:11  Archon  
  120  7:20  Zealot x4  
Show
View Real Time Build Order
Export as new Build Order

A.I. 1 (Elite) Zerg 

Build Orders: Hatch First 

Get SALT Encoding   

  12  0:00  Drone  
  13  0:12  Overlord  
  13  0:16  Drone  
  14  0:30  Drone x2  
  14  0:34  Drone  
  17  0:53  Hatchery  
  17  0:54  Drone  
  17  1:11  Spawning Pool  
  16  1:13  Extractor  
  16  1:15  Drone  
  16  1:19  Drone  
  16  1:23  Drone  
  18  1:28  Drone  
  19  1:38  Overlord  
  19  1:49  Drone  
  20  1:58  Queen  
  20  2:00  Zergling x2  
  23  2:05  Drone  
  24  2:18  Queen  
  26  2:23  Drone  
  27  2:35  Roach Warren  
  25  2:37  Extractor  
  25  2:39  Drone  
  25  2:41  Drone  
  26  2:45  Drone  
  26  2:51  Overlord  
  27  2:55  Drone  
  27  2:58  Drone  
  29  3:01  Drone  
  29  3:04  Drone  
  31  3:07  Drone  
  31  3:12  Zergling x2  
  33  3:14  Zergling x2  
  33  3:19  Roach  
  36  3:22  Roach  
  36  3:26  Roach  
  40  3:30  Roach  
  40  3:32  Drone  
  43  3:35  Drone  
  43  3:40  Overlord  
  44  3:48  Lair  
  44  3:52  Metabolic Boost  
  44  3:58  Drone  
  44  3:59  Drone  
  44  4:01  Drone  
  47  4:04  Drone  
  47  4:06  Drone  
  47  4:08  Drone  
  50  4:11  Drone  
  50  4:15  Overlord  
  51  4:17  Drone  
  51  4:22  Evolution Chamber  
  51  4:23  Drone  
  52  4:28  Evolution Chamber, Drone  
  52  4:33  Drone x2  
  52  4:37  Drone  
  55  4:39  Drone  
  55  4:40  Drone  
  55  4:42  Drone  
  58  4:49  Infestation Pit, Drone  
  58  4:50  Zerg Missile Weapons Level 1  
  58  4:53  Zerg Ground Armor Level 1  
  58  4:56  Overlord  
  58  4:59  Overlord  
  58  5:05  Hydralisk Den  
  57  5:08  Drone  
  58  5:14  Drone  
  58  5:15  Roach, Extractor, Drone  
  58  5:16  Drone  
  58  5:17  Drone  
  58  5:19  Drone  
  58  5:20  Drone  
  65  5:23  Roach  
  65  5:26  Overlord  
  67  5:29  Roach  
  67  5:31  Roach  
  67  5:32  Ravager  
  67  5:34  Roach  
  67  5:35  Hydralisk  
  76  5:41  Extractor  
  75  5:43  Hydralisk  
  75  5:44  Overlord, Drone  
  75  5:47  Drone  
  75  5:48  Drone, Hydralisk  
  82  5:54  Hydralisk  
  84  6:01  Hydralisk  
  84  6:02  Overlord  
  84  6:04  Drone x2  
  88  6:07  Hydralisk  
  90  6:12  Hatchery, Drone  
  90  6:14  Ravager  
  91  6:20  Overlord, Roach x2  
  91  6:22  Roach  
  91  6:25  Roach  
  95  6:27  Zergling x2  
  95  6:28  Roach  
  73  6:34  Zergling x2  
  73  6:35  Hydralisk  
  73  6:38  Hydralisk  
  74  6:44  Hydralisk  
  74  6:46  Zergling x2  
  70  6:48  Roach  
  69  6:56  Drone  
  69  6:57  Drone  
  69  6:58  Drone x2  
  69  6:59  Overseer  
  63  7:07  Zergling x2  
Tags
 
Add a new tag
Caveats
  • Supply blocks, unpowered buildings, or Contaminate may cause inaccurate times.
  • Supply counts are checked every 10 seconds.